 Dungeon Crawl Stone Soup version 0.26-a0-672-g1df16c3386 (webtiles) character file.

Game seed: 4977877859243400860

42 strifetoe the Magician (level 3, -2/27 HPs)
             Began as a Palentonga Hedge Wizard on Oct 20, 2020.
             Slain by an orc
             ... wielding a cursed +0 flail
              (12 damage)
             ... on level 2 of the Dungeon.
             The game lasted 00:02:16 (1748 turns).

strifetoe the Magician (Palentonga Hedge Wizard)    Turns: 1748, Time: 00:02:17

Health: -2/27      AC:  5    Str: 13    XL:     3   Next: 33%
Magic:  5/7        EV: 10    Int: 21    God:
Gold:   85         SH:  0    Dex:  9    Spells: 5/8 levels left

rFire    . . .     SeeInvis +   a - +0 dagger
rCold    . . .     Faith    .   (no shield)
rNeg     . . .     Spirit   .   b - +0 robe
rPois    .         Reflect  .   c - +0 hat
rElec    .         Harm     .   (no cloak)
rCorr    .         Rampage  .   g - +0 pair of gloves
MR       .....                  (no barding)
Stlth    +.........             (no amulet)
HPRegen  0.09/turn              l - +6 ring of intelligence
MPRegen  0.10/turn              p - ring of flight

@: no status effects
A: large, rugged brown scales 3, see invisible, deformed body, roll, armoured
tail
a: Rolling Charge, Evoke Flight


You were on level 2 of the Dungeon.
You visited 1 branch of the dungeon, and saw 3 of its levels.

You collected 85 gold pieces.

Inventory:

Hand Weapons
 a - a +0 dagger (weapon)
Armour
 b - a +0 robe (worn)
 c - a +0 hat (worn)
 g - a +0 pair of gloves (worn)
Jewellery
 l - a +6 ring of intelligence (left hand)
 p - a ring of flight (right hand)
Wands
 o - a wand of flame (22)
Scrolls
 f - a scroll of remove curse {unknown}
 h - a scroll of immolation {unknown}
 i - a scroll of fear {unknown}
 j - a scroll of amnesia {unknown}
 k - a scroll of magic mapping {unknown}
 m - 2 scrolls of teleportation {unknown}
 n - a scroll of enchant weapon {unknown}
 r - a scroll of identify {unknown}
Potions
 d - 3 potions of curing {unknown}
 e - a potion of cancellation {unknown}
 q - a potion of mutation {unknown}
 s - a potion of brilliance {unknown}


   Skills:
 - Level 1.5 Dodging
 - Level 1.2 Stealth
 - Level 3.0 Spellcasting
 + Level 3.0 Conjurations
 - Level 0.7 Summonings
   Level 1.0 Translocations


You had 5 spell levels left.
You knew the following spells:

 Your Spells              Type           Power        Failure   Level
a - Magic Dart            Conj           ###.         3%          1
b - Call Imp              Summ           #.......     16%         2

Your spell library contained the following spells:

 Spells                   Type           Power        Failure   Level
 Blink                    Tloc           N/A          13%         2
 Slow                     Hex            #.......     21%         2
 Conjure Flame            Conj/Fire      #.......     22%         3
 Mephitic Cloud           Conj/Pois/Air  #.......     26%         3


Dungeon Overview and Level Annotations

Branches:
Dungeon (3/15)

Altars:
Zin


Innate Abilities, Weirdness & Mutations

You are completely covered in rugged brown scales. (AC +3, +7% HP)
You have supernaturally acute eyesight. (SInv)
Armour fits poorly on your strangely shaped body.
You can roll at foes to attack.
You have a long armoured tail.


Message History

You are too injured to fight recklessly!
You are too injured to fight recklessly!
You are too injured to fight recklessly!
You are too injured to fight recklessly!
You are too injured to fight recklessly!
You are too injured to fight recklessly!
Unknown command.
The leopard gecko bites you.
Casting: Magic Dart (safe; 3% risk of failure)
Confirm with . or Enter, or press ? or * to list all spells.
Okay, then.
There is a stone staircase leading up here.
The orc barely misses you.
You climb upwards.
There is a stone staircase leading down here.
Casting: Magic Dart (safe; 3% risk of failure)
Confirm with . or Enter, or press ? or * to list all spells.
A beastly little devil appears in a puff of frigid air.
The orc hits you with a cursed +0 flail!
You die...

### ####.......###+#..........
..# ##..##......#..####...# ..###
##.##..###.........#.# ....####
#..#..# #...........# ....'..#
##.#..###..(.........
....##'######..#....+...........#
..###............#.##...........#
..# #...........5......(.........
### #.........#o@#.###.....###..#
#.........##.#.# #.....# #...
##'######.##.#.# #.....# #...
#........##.#.###.#+#####...
########.#..................
###..#.###.########.. ###########
#..#.###.###### #.. ..........#
#.)#....<.<...# #(.
...######.#####..#####....#.# #.#


You could see an orc and a friendly white imp (summoned).

Vanquished Creatures
  An adder (D:2)
  A dart slug (D:2)
  A leopard gecko (D:2)
  2 ball pythons
  A giant cockroach (D:2)
  8 goblins
  3 kobolds
  A quokka (D:2)
  5 bats
  2 frilled lizards (D:2)
  2 rats (D:1)
27 creatures vanquished.

Notes
Turn   | Place    | Note
-------+----------+-------------------------------------------
     0 | D:1      | strifetoe the Palentonga Hedge Wizard began the quest for
                  | the Orb.
     0 | D:1      | Reached XP level 1. HP: 14/14 MP: 4/4
    43 | D:1      | Reached skill level 1 in Conjurations
   451 | D:1      | Reached XP level 2. HP: 21/21 MP: 6/6
  1024 | D:2      | Reached XP level 3. HP: 27/27 MP: 7/7
  1046 | D:2      | Learned a level 2 spell: Call Imp
  1056 | D:2      | Found a glowing silver altar of Zin.
  1056 | D:2      | Noticed an angel
  1748 | D:2      | Slain by an orc

Illustrated notes

Levels and vault maps discovered:
D:1:      minmay_arrival_cross, layout_basic, roderic_filled_cross
D:2:      layout_basic, zin_angel
D:3:      layout_basic, nicolae_overflow_crystal_walls, minivault_24

Skill      XL: |  1  2  3 |
---------------+----------+-----
Conjurations   | 1 2 3 |  3.0
Dodging        | |  1.5
Stealth        | |  1.2
Spellcasting   | |  3.0
Summonings     | |  0.7
Translocations | |  1.0

Action                   || total
-------------------------++-------
Melee: Dagger            ||   108
       Tailslap          ||     8
 Cast: Magic Dart        ||     1
       Call Imp          ||     1
 Stab: Sleeping          ||     2
Armor: Robe              ||    42
Dodge: Dodged            ||    75

Table legend: (Time is in decaauts)
 A = Elapsed time spent in this place.
 B = Non-inter-level travel time spent in this place.
 C = Inter-level travel time spent in this place.
 D = Time resting spent in this place.
 E = Time spent auto-exploring this place.
 F = Levels seen in this place.
 G = Mean time per level.
                   A        B        C        D        E       F      G
               +--------+--------+--------+--------+--------+-----+--------+
         Total |   1747 |   1704 |     43 |      0 |   1468 |   3 |  582.3 |
       Dungeon |   1747 |   1704 |     43 |      0 |   1468 |   3 |  582.3 |
               +--------+--------+--------+--------+--------+-----+--------+

Top non-repeatable levels by time:
     D:2: 887 daAuts
     D:1: 834 daAuts
     D:3: 25 daAuts
